 Dungeon Crawl Stone Soup version 0.19-a0-1834-g6b7851e (webtiles) character file.

88 Zhenya24pyc the Skirmisher (level 4, 0/29 HPs)
             Began as a Gargoyle Fighter on Oct 8, 2016.
             Slain by Sigmund
             ... wielding a +0 scythe
              (2 damage)
             ... on level 2 of the Dungeon.
             The game lasted 00:02:24 (1111 turns).

Zhenya24pyc the Skirmisher (Gargoyle Fighter)       Turns: 1111, Time: 00:02:25

Health: 0/29       AC: 13    Str: 21    XL:     4   Next: 53%
Magic:  4/4        EV: 10    Int:  8    God:
Gold:   88         SH:  9    Dex:  9    Spells: 0 memorised, 3 levels left

rFire  . . .     SeeInvis .     a - +0 war axe
rCold  . . .     Gourm    .     b - +0 scale mail
rNeg   + . .     Faith    .     c - +0 shield
rPois  ∞         Spirit   .     j - +2 helmet
rElec  +         Dismiss  .     (no cloak)
rCorr  .         Reflect  .     (no gloves)
MR     .....     Harm     .     g - -2 pair of boots (curse)
Stlth  ..........               (no amulet)
                                (no ring)
                                i - +3 ring of evasion

@: no status effects
A: negative energy resistance 1, electricity resistance, unbreathing,
petrification resistance, rot immunity, AC +3
a: no special abilities


You were on level 2 of the Dungeon.
You were not hungry.

You visited 1 branch of the dungeon, and saw 2 of its levels.

You collected 88 gold pieces.

Inventory:

Hand Weapons
 a - a +0 war axe (weapon)
Armour
 b - a +0 scale mail (worn)
 c - a +0 shield (worn)
 g - a cursed -2 pair of boots (worn)
 j - a +2 helmet (worn)
Jewellery
 i - a +3 ring of evasion (left hand)
Scrolls
 e - 2 scrolls of identify {unknown}
 k - a scroll of teleportation {unknown}
 l - 2 scrolls of immolation {unknown}
 m - a scroll of blinking {unknown}
Potions
 d - a potion of might
 n - a potion of curing {unknown}
Comestibles
 f - 3 bread rations
 h - 3 meat rations


   Skills:
 + Level 4.1 Fighting
 * Level 3.0 Axes
 + Level 4.1 Armour
 - Level 3.2 Shields


You had 3 spell levels left.
You didn't know any spells.

Dungeon Overview and Level Annotations

Branches:
Dungeon (2/15)

Altars:

Annotations:
D:2 Sigmund


Innate Abilities, Weirdness & Mutations

You are resistant to torment.
Your stone body is resilient. (AC +3)
You are immune to poison.
You resist negative energy. (rN+)
You are resistant to electric shocks. (rElec)
You can survive without breathing.
You are immune to petrification.
You are immune to rotting.


Message History

* * * LOW HITPOINT WARNING * * *
You miss something. You hit the adder but do no damage.
You block the adder's attack. Something hits you but does no damage.
The adder bites you.
* * * LOW HITPOINT WARNING * * *
You completely miss something. You closely miss the adder.
The adder bites you but does no damage. You block something's attack.
The adder barely misses you.
You miss something. You hit the adder.
You kill the adder!
Your Axes skill increases to level 3!
Something hits you.
* * * LOW HITPOINT WARNING * * *
You hit something. Something hits you.
* * * LOW HITPOINT WARNING * * *
You closely miss something. Something hits you but does no damage.
You closely miss something. Something hits you but does no damage.
You closely miss something. Something hits you but does no damage.
You hit something. Something hits you.
You die...

########<..... #.....@..#####
#........# #........#
###########....†..[## ###
##............†.........
####.#♣#.P..P..####............
#.....≈≈.≈≈P≈≈...#......#######
##...P≈≈.≈≈♣≈≈≈.@(.......#
>.....≈≈P≈≈≈≈≈≈≈.{.÷.....#
.....P≈≈≈≈≈≈≈≈≈≈♣#.......#
......P≈≈.≈♣≈.≈..........#
.......♣.≈≈≈.≈≈P##.......#
.†...........P.....#######
.............#.....#
...........#.#.....#
...........# ....#


There were no monsters in sight!

Vanquished Creatures
  4 adders (D:2)
  A worm (D:2)
  4 dart slugs (D:1)
  A leopard gecko (D:1)
  4 giant cockroaches
  2 goblins (D:1)
  6 hobgoblins
  2 ball pythons (D:1)
  5 bats
  3 frilled lizards
  3 kobolds
  7 rats
42 creatures vanquished.

Notes
Turn   | Place    | Note
-------+----------+-------------------------------------------
     0 | D:1      | Zhenya24pyc the Gargoyle Fighter began the quest for the Orb.
     0 | D:1      | Reached XP level 1. HP: 14/14 MP: 1/1
    79 | D:1      | Reached XP level 2. HP: 19/19 MP: 2/2
   195 | D:1      | Reached XP level 3. HP: 20/23 MP: 3/3
   730 | D:2      | Noticed Sigmund
  1034 | D:2      | Reached XP level 4. HP: 29/29 MP: 4/4
  1107 | D:2      | HP: 1/29 [something (4)]
  1111 | D:2      | Slain by Sigmund

Vault maps used:
D:1:      dpeg_arrival_short_road
D:2:      mumra_celtic_spiral_tile, serial_bayou_pond_b, uniq_sigmund

Skill      XL: |  1  2  3  4 |
---------------+-------------+-----
Axes           | 2 3 |  3.0
Fighting       | 4 |  4.1
Armour         | 4 |  4.1
Shields        | |  3.2

Action                   |  1- 3 |  4- 6 || total
-------------------------+-------+-------++-------
Melee: War axe           |    97 |    29 ||   126
  Eat: Chunk             |     1 |       ||     1
Armor: Scale mail        |    70 |    17 ||    87
Dodge: Dodged            |    53 |    16 ||    69
Block: Shield            |    62 |    15 ||    77
